 Dungeon Crawl Stone Soup version 0.22.0-36-g8e74550 (webtiles) character file.

40275 iamserjio the Brawler (level 13, 15/136 HPs)
             Began as a Troll Fighter on Aug 24, 2018.
             Was the Champion of Okawaru.
             Quit the game on level 3 of the Elven Halls.
             The game lasted 00:46:54 (5254 turns).

iamserjio the Brawler (Troll Fighter)               Turns: 5254, Time: 00:46:55

Health: 15/136     AC: 18    Str: 27    XL:     13   Next: 73%
Magic:  7/16       EV: 13    Int: 11    God:    Okawaru [******]
Gold:   29         SH: 15    Dex:  9    Spells: 12/12 levels left

rFire    . . .     SeeInvis .     - Unarmed
rCold    . . .     Gourm    +   O - +2 shield {AC+3}
rNeg     + . .     Faith    .   Y - +0 troll leather armour
rPois    .         Spirit   .   F - +1 hat {Int+3}
rElec    .         Reflect  .   z - +2 cloak
rCorr    .         Harm     .   (gloves unavailable)
MR       +++..     Clarity  +   (boots unavailable) Stlth +.........Rnd*Tele +
                                q - amulet of the Four Winds {rN+ MR+++ Clar}
HPRegen  1.12/turn              j - ring of teleportation
MPRegen  0.15/turn              X - +3 ring of protection

@: mildly poisoned (15 -> 15), liquid flames, heroism, glowing
A: large, unfitting armour, claws 3, fast metabolism 3, gourmand, regeneration
1, shaggy fur 1, tough skin 2
a: Heroism, Finesse, Renounce Religion


You were on level 3 of the Elven Halls.
You worshipped Okawaru.
Okawaru was exalted by your worship.
You were not hungry.

You visited 3 branches of the dungeon, and saw 17 of its levels.
You also visited: Sewer, Bailey and Ice Cave.

You collected 2284 gold pieces.
You spent 2255 gold pieces at shops.

Inventory:

Hand Weapons
 B - the +7 hand axe of Plog {flame, rC+ Dex+2}
   (You found it on level 8 of the Dungeon)

   It has been specially enchanted to burn those struck by it, causing extra
   injury to most foes and up to half again as much damage against particularly
   susceptible opponents.
   Big, fiery blades are also staple armaments of hydra-hunters.
   It affects your dexterity (+2).
   It protects you from cold.
Missiles
 l - a throwing net (quivered) {!f}
 D - 7 large rocks
 L - 9 javelins
Armour
 a - a +2 robe of positive energy
 b - a scarf of spirit shield
 n - a +1 robe of positive energy
 s - a +2 robe of fire resistance
 z - a +2 cloak (worn)
 F - a +1 hat of intelligence (worn)
 O - a +2 shield of protection (worn)
 Y - a +0 troll leather armour (worn)
Jewellery
 j - a ring of teleportation (left claw)
 m - an uncursed amulet of guardian spirit
 o - an uncursed ring of see invisible
 q - the amulet of the Four Winds (around neck) {rN+ MR+++ Clar}
   (You bought it in a shop on level 2 of the Orcish Mines)

   [amulet of nothing]

   It protects you from negative energy.
   It affects your resistance to hostile enchantments.
   It protects you against confusion.
 w - an uncursed ring of wizardry
 X - a +3 ring of protection (right claw)
 Z - an uncursed ring of flight
Wands
 i - a wand of acid (5)
 k - a wand of polymorph (6)
 u - a wand of digging (10)
 M - a wand of disintegration (18)
 N - a wand of enslavement (11)
 V - a wand of iceblast (5)
Scrolls
 e - 2 scrolls of immolation
 f - 2 scrolls of enchant armour
 h - a scroll of magic mapping
 r - 5 scrolls of remove curse {@r2}
 t - 3 scrolls of amnesia
 v - 2 scrolls of fog
 I - 5 scrolls of teleportation
 Q - a scroll of silence {unknown}
 S - 2 scrolls of fear {unknown}
 W - 4 scrolls of holy word
Potions
 c - 3 potions of might
 g - a potion of agility {unknown}
 p - a potion of haste
 A - 4 potions of resistance
 C - a potion of lignification
 G - 2 potions of flight
 J - a potion of curing {unknown}
 K - a potion of brilliance {unknown}
 U - 2 potions of mutation {unknown}
Miscellaneous
 P - a phial of floods (inert)
Comestibles
 d - 22 rations


   Skills:
 + Level 10.8(15.8) Fighting
 + Level 4.4(9.4) Dodging
 - Level 9.0(14.0) Shields
 + Level 15.7(20.7) Unarmed Combat
 + Level 5.4 Invocations


You had 12 spell levels left.
You didn't know any spells.
Your spell library contained the following spells:

 Spells                   Type           Power        Failure   Level  Hunger
 Corona                   Hex            #......      36%         1    ##.....
 Freeze                   Ice            #...         36%         1    ##.....
 Ensorcelled Hibernation  Hex/Ice        #.....       52%         2    ###....
 Throw Frost              Conj/Ice       #.....       52%         2    ###....
 Confuse                  Hex            #.......     75%         3    ####...
 Dazzling Spray           Conj/Hex       #.....       75%         3    ####...
 Ozocubu's Armour         Chrm/Ice       #.......     75%         3    ####...
 Tukima's Dance           Hex            #.......     75%         3    ####...
 Summon Ice Beast         Ice/Summ       #.......     98%         4    #####..
 Throw Icicle             Conj/Ice       #.......     98%         4    #####..


Dungeon Overview and Level Annotations

Branches:
Dungeon (12/15)            Temple (0/1) D:4            Lair (0/6) D:10
    Orc (2/2) D:10            Elf (3/3) Orc:2

Altars:
Gozag
Makhleb
Nemelex Xobeh
Okawaru
Uskayaw
Xom
Yredelemnul
Zin
Lugonu

Shops:
D:6 %?*   D:10 (   D:11 }   Orc:2 =([??

Annotations:
D:8 Prince Ribbit
D:10 exclusion: 2 oklob plants


Innate Abilities, Weirdness & Mutations

You are too large for most types of armour.
You have claws for hands.
Your metabolism is lightning-fast.
You like to eat raw meat.
Your natural rate of healing is unusually fast.
You are covered in fur. (AC +1)
You have very tough skin. (AC +2)


Message History

* * * LOW HITPOINT WARNING * * *
You block the deep elf blademaster's attack.
You scratch the deep elf blademaster.
The deep elf blademaster is almost dead.
You are covered in liquid flames!
* * * LOW HITPOINT WARNING * * *
You feel sick. You block the deep elf mage's attack.
The deep elf blademaster hits you but does no damage.
You block the deep elf blademaster's attack.
The deep elf mage gestures wildly while chanting.
Okay, then.
Are you sure you want to abandon this character and quit the game? (Confirm with "yes".)
Okay, then.
Unknown command.
Unknown command.
Unknown command.
Okay, then.
Are you sure you want to abandon this character and quit the game? (Confirm with "yes".)
Okay, then.
Are you sure you want to abandon this character and quit the game? (Confirm with "yes".)

....... .......
##############..####⌠
.........§......#≈≈≈
.......<....e...#♣♣
.........E......#≈♣≈.
.......†.e§e.e..P≈.≈♣
.########e####.......
.......e@....e.e...
..............P♣≈♣♣
#...........#..#.P♣
##+##########..#.♣≈
..#≈♣ . ..###


You could see a deep elf blademaster, 4 deep elf magi and a fire elemental.

Vanquished Creatures
  Gastronok (D:9)
  A white draconian (IceCv)
  An ettin (Orc:2)
  A hydra (D:9)
  The ghost of bloodycherry the Fighter, a novice MiFi of Makhleb (D:9)
  A dancing weapon (Elf:2)
  2 tengu warriors (D:12)
  Urug (D:11)
  3 orc high priests (Orc:2)
  A death drake (shapeshifter) (Elf:3)
  6 orc knights (Orc:2)
  A deep elf mage (Elf:1)
  2 manticores (D:12)
  5 orc sorcerers
  An ugly thing (D:12)
  2 centaur zombies (D:12)
  An ice statue (IceCv)
  Psyche (D:9)
  A gargoyle (D:10)
  7 kobold demonologists
  An efreet (D:10)
  9 trolls
  A queen bee (D:10)
  11 polar bears (IceCv)
  A hornet (D:12)
  2 dream sheep (D:9)
  8 slime creatures
  3 hippogriffs
  13 yaks
  3 shadows
  A wraith (D:10)
  A wyvern (D:8)
  A water elemental (Elf:1)
  2 hungry ghosts
  A soldier ant (D:12)
  A warg (Orc:1)
  Purgy (Sewer)
  3 sky beasts
  34 orc warriors
  A black bear (D:8)
  2 phantoms
  3 ice beasts
  2 centaurs (D:12)
  6 ogres
  11 wolves (IceCv)
  A crocodile (D:10)
  17 big kobolds
  7 bullfrogs
  A scorpion (D:5)
  A water moccasin skeleton (D:4)
  23 killer bees
  3 vampire bats (Orc:1)
  4 crimson imps
  2 jellies
  A quasit (D:8)
  4 hounds
  A bullfrog zombie (D:8)
  4 centaur skeletons
  26 orc priests
  2 bullfrog skeletons
  18 orc wizards
  6 worker ants
  2 hound skeletons
  6 gnolls
  8 adders
  A river rat (D:6)
  2 shadow imps
  An ooze (D:2)
  An adder zombie (D:8)
  An adder skeleton (D:4)
  5 leopard geckos
  64 orcs
  10 bats
  6 giant cockroaches
  8 goblins
  2 hobgoblins
  7 jackals
  31 kobolds
  3 quokkas
  2 frilled lizards
  A quokka skeleton (D:4)
  4 rats
448 creatures vanquished.

Vanquished Creatures (others)
  A fungus (D:9)
  2 plants (D:9)
3 creatures vanquished.

Grand Total: 451 creatures vanquished

Notes
Turn   | Place    | Note
-------+----------+-------------------------------------------
     0 | D:1      | iamserjio the Troll Fighter began the quest for the Orb.
     0 | D:1      | Reached XP level 1. HP: 22/22 MP: 0/0
    88 | D:2      | Reached XP level 2. HP: 29/29 MP: 1/1
   107 | D:2      | Reached skill level 3 in Unarmed Combat
   150 | D:3      | Found an iron altar of Okawaru.
   170 | D:3      | Reached XP level 3. HP: 26/36 MP: 2/2
   183 | D:3      | Became a worshipper of Warmaster Okawaru
   205 | D:4      | Reached skill level 4 in Unarmed Combat
   246 | D:4      | Reached XP level 4. HP: 36/44 MP: 3/3
   262 | D:4      | Reached skill level 5 in Unarmed Combat
   328 | D:3      | Reached XP level 5. HP: 12/50 MP: 4/4
   385 | D:4      | Found a staircase to the Ecumenical Temple.
   394 | D:4      | Reached * piety under Okawaru
   411 | D:4      | Reached skill level 6 in Unarmed Combat
   418 | D:4      | Reached XP level 6. HP: 19/59 MP: 5/5
   461 | D:4      | Found a sparkling altar of Nemelex Xobeh.
   485 | D:5      | Entered Level 5 of the Dungeon
   499 | D:5      | Noticed an ice beast
   521 | D:5      | Killed an ice beast
   521 | D:5      | Reached skill level 7 in Unarmed Combat
   560 | D:6      | Got a pitted flail
   604 | D:6      | Found a glowing drain.
   611 | Sewer    | Entered a sewer
   632 | Sewer    | Noticed Purgy
   640 | Sewer    | Killed Purgy
   640 | Sewer    | Reached skill level 1 in Invocations
   640 | Sewer    | Reached XP level 7. HP: 42/66 MP: 6/6
   708 | D:6      | Found Xotouf's General Store.
   759 | D:6      | Found Nuecvuv's Food Boutique.
   865 | D:6      | Reached ** piety under Okawaru
   865 | D:6      | Reached skill level 8 in Unarmed Combat
   872 | D:6      | Bought a scroll of remove curse for 42 gold pieces
   872 | D:6      | Bought a potion of degeneration for 14 gold pieces
   872 | D:6      | Bought a potion of lignification for 42 gold pieces
   888 | D:6      | Found Kuog's Magic Scroll Shoppe.
   891 | D:6      | Bought a scroll of magic mapping for 49 gold pieces
  1012 | D:7      | Noticed a hippogriff
  1020 | D:7      | Killed a hippogriff
  1044 | D:7      | Found a flagged portal.
  1082 | D:7      | Reached skill level 9 in Unarmed Combat
  1082 | D:7      | Reached XP level 8. HP: 70/74 MP: 9/9
  1086 | Bailey   | Entered a bailey
  1107 | Bailey   | Reached *** piety under Okawaru
  1126 | Bailey   | Reached skill level 10 in Unarmed Combat
  1229 | D:7      | Found a hide-covered altar of Uskayaw.
  1295 | D:7      | Reached **** piety under Okawaru
  1357 | D:8      | Reached XP level 9. HP: 58/80 MP: 11/11
  1409 | D:8      | Found a glowing silver altar of Zin.
  1410 | D:8      | Found an opulent altar of Gozag.
  1432 | D:8      | Reached skill level 11 in Unarmed Combat
  1441 | D:8      | Found Zaseum's Book Shop.
  1489 | D:8      | Got an iridescent hand axe
  1512 | D:8      | Found a burning altar of Makhleb.
  1547 | D:8      | Noticed Prince Ribbit
  1645 | D:9      | Reached ***** piety under Okawaru
  1686 | D:9      | Identified the +7 hand axe of Plog {flame, rC+ Dex+2} (You found it on level 8 of the Dungeon)
  1688 | D:9      | Noticed a three-headed hydra
  1692 | D:9      | Killed a one-headed hydra
  1692 | D:9      | Reached XP level 10. HP: 88/94 MP: 6/12
  1739 | D:9      | Reached skill level 12 in Unarmed Combat
  1743 | D:9      | Reached skill level 5 in Fighting
  1743 | D:9      | Reached skill level 5 in Shields
  1771 | D:9      | Found a basalt altar of Yredelemnul.
  1963 | D:9      | Noticed Psyche
  1968 | D:9      | Killed Psyche
  1969 | D:9      | Found a runed gate.
  1969 | D:9      | Noticed Gastronok
  2002 | D:9      | Received a gift from Okawaru
  2014 | D:9      | Killed Gastronok
  2014 | D:9      | Reached ****** piety under Okawaru
  2014 | D:9      | Received a gift from Okawaru
  2016 | D:9      | Got a faintly glowing hand crossbow {god gift}
  2117 | D:9      | Found a runed gate.
  2118 | D:9      | Found a runed gate.
  2119 | D:9      | Noticed bloodycherry's ghost (novice MiFi)
  2151 | D:9      | Reached XP level 11. HP: 106/107 MP: 11/13
  2160 | D:9      | Killed bloodycherry's ghost
  2166 | D:9      | Received a gift from Okawaru
  2166 | D:9      | Reached skill level 13 in Unarmed Combat
  2207 | D:10     | Entered Level 10 of the Dungeon
  2365 | D:10     | Found a shimmering altar of Xom.
  2428 | D:10     | Found a corrupted altar of Lugonu.
  2555 | D:11     | Found Ameimimm's Gadget Shoppe.
  2575 | D:11     | Bought a phial of floods for 560 gold pieces
  2629 | D:12     | Noticed a white ugly thing
  2781 | D:12     | Received a gift from Okawaru
  2839 | D:12     | Noticed a tengu warrior
  2844 | D:12     | Killed a white ugly thing
  2846 | D:12     | Found a frozen archway.
  2846 | D:12     | Noticed a tengu warrior
  2852 | D:12     | Killed a tengu warrior
  2858 | D:12     | Killed a tengu warrior
  2858 | D:12     | Reached XP level 12. HP: 104/119 MP: 10/14
  2900 | IceCv    | Entered an ice cave
  3003 | IceCv    | Reached skill level 14 in Unarmed Combat
  3017 | IceCv    | Received a gift from Okawaru
  3126 | IceCv    | Noticed a white draconian
  3153 | IceCv    | Killed a white draconian
  3714 | D:11     | Noticed Urug
  3724 | D:11     | Killed Urug
  3755 | D:10     | Found a staircase to the Lair.
  3831 | D:10     | Found Sacis's Antique Weapon Emporium.
  4199 | D:10     | Found a staircase to the Orcish Mines.
  4217 | Orc:1    | Entered Level 1 of the Orcish Mines
  4220 | Orc:1    | Paralysed by an orc sorcerer for 5 turns
  4229 | Orc:1    | Reached skill level 15 in Unarmed Combat
  4229 | Orc:1    | Reached XP level 13. HP: 133/133 MP: 12/15
  4339 | Orc:2    | Entered Level 2 of the Orcish Mines
  4342 | Orc:2    | Reached skill level 10 in Fighting
  4415 | Orc:1    | Received a gift from Okawaru
  4757 | Orc:2    | Found a staircase to the Elven Halls.
  4832 | Orc:2    | Found Laar's Magic Scroll Shop.
  4838 | Orc:2    | Noticed an ettin
  4840 | Orc:2    | Bought a scroll of immolation for 45 gold pieces
  4840 | Orc:2    | Bought a scroll of teleportation for 39 gold pieces
  4840 | Orc:2    | Bought a scroll of holy word for 97 gold pieces
  4847 | Orc:2    | Killed an ettin
  4908 | Orc:2    | Found Liedo's Magic Scroll Boutique.
  4938 | Orc:2    | Received a gift from Okawaru
  5058 | Orc:2    | Reached skill level 5 in Invocations
  5095 | Orc:2    | Found Jafuthou's Armour Shoppe.
  5100 | Orc:2    | Found Koawnith's Antique Weapon Shoppe.
  5102 | Orc:2    | Found Aleebo's Jewellery Boutique.
  5110 | Orc:2    | Bought an uncursed ring of see invisible for 195 gold pieces
  5110 | Orc:2    | Bought the amulet of the Four Winds {rN+ MR+++ Clar} for 570 gold pieces
  5110 | Orc:2    | Found the amulet of the Four Winds {rN+ MR+++ Clar}
  5125 | Orc:2    | Bought a scroll of teleportation for 42 gold pieces
  5125 | Orc:2    | Bought a scroll of enchant armour for 105 gold pieces
  5125 | Orc:2    | Bought a scroll of teleportation for 42 gold pieces
  5125 | Orc:2    | Bought a scroll of fog for 28 gold pieces
  5125 | Orc:2    | Bought a scroll of teleportation for 42 gold pieces
  5125 | Orc:2    | Bought a scroll of fog for 28 gold pieces
  5125 | Orc:2    | Bought 3 scrolls of holy word for 315 gold pieces
  5187 | Elf:1    | Entered Level 1 of the Elven Halls
  5222 | Elf:3    | Entered Level 3 of the Elven Halls
  5241 | Elf:3    | Noticed a deep elf blademaster
  5254 | Elf:3    | Quit the game

Skill      XL: |  1  2  3  4  5  6  7  8  9 10 11 12 13 |
---------------+----------------------------------------+-----
Unarmed Combat | 3 4 5 6 7 9 10 11 12 13 15 | 15.7
Invocations    | 1 3 4 5 |  5.4
Fighting       | 4 6 8 9 10 | 10.8
Shields        | 4 6 8 9 |  9.0
Dodging        | 3 4 |  4.4

Action                   |  1- 3 |  4- 6 |  7- 9 | 10-12 | 13-15 || total
-------------------------+-------+-------+-------+-------+-------++-------
Melee: Unarmed           |    61 |   123 |   202 |   592 |   348 ||  1326
       Hand axe          |       |       |     3 |     4 |       ||     7
Invok: Heroism           |       |       |     5 |    27 |    13 ||    45
Evoke: Wand              |       |       |    16 |     2 |     8 ||    26
       Phial of floods   |       |       |       |       |     1 ||     1
  Use: Scroll            |       |       |     9 |     8 |     1 ||    18
       Potion            |       |       |     2 |     4 |     2 ||     8
 Stab: Distracted        |       |       |       |     1 |       ||     1
       Sleeping          |       |       |       |     1 |     1 ||     2
  Eat: Chunk             |     4 |     5 |     6 |    27 |     1 ||    43
       Ration            |       |       |       |     1 |     1 ||     2
Armor: Robe              |    12 |    60 |    54 |   100 |       ||   226
       Skin              |       |       |    16 |       |       ||    16
       Troll leather arm |       |       |       |     5 |    98 ||   103
Dodge: Dodged            |     8 |    44 |    86 |   157 |    97 ||   392
Block: Shield            |    21 |    60 |   112 |   334 |   244 ||   771
